Description

MaxPax PvZ Econ

Replay - 2019-04-10 - (P)MaxPax VS (Z)Railgan

Build Order

Get SALT Encoding   

  12  0:00  Probe  
  13  0:12  Probe  
  14  0:21  Pylon  
  14  0:25  Probe  
  15  0:35  Probe  
  16  0:43  Probe  
  16  0:44  Gateway  
  16  0:49  Assimilator  
  17  0:53  Probe  
  18  1:05  Probe  
  19  1:17  Probe  
  20  1:28  Nexus  
  20  1:36  Cybernetics Core  
  20  1:40  Probe  
  20  1:46  Assimilator  
  21  1:52  Probe  
  22  1:55  Pylon  
  22  2:04  Probe  
  22  2:05  Adept  
  25  2:17  Probe  
  25  2:19  Stargate  
  26  2:26  Adept  
  26  2:28  Warp Gate  
  27  2:30  Probe  
  27  2:36  Probe  
  29  2:42  Probe x2  
  32  2:54  Probe x2  
  32  2:55  Oracle  
  32  2:57  Adept  
  39  3:06  Probe  
  39  3:12  Probe  
  41  3:18  Probe  
  43  3:27  Oracle  
  43  3:30  Probe  
  43  3:31  Assimilator x2  
  43  3:33  Pylon  
  46  3:44  Gateway  
  46  3:51  Probe x2  
  48  3:59  Pylon  
  48  4:03  Probe x2  
  48  4:08  Oracle  
  50  4:15  Probe x2  
  48  4:22  Pylon x2  
  51  4:26  Adept  
  51  4:28  Probe  
  54  4:37  Oracle  
  54  4:43  Probe x2  
  54  4:44  Nexus  
  54  4:45  Pylon  
  57  4:46  Stalker  
  61  4:56  Probe, Adept  
  64  5:02  Probe  
  64  5:06  Pylon  
  65  5:07  Robotics Facility x2  
  65  5:08  Probe  
  66  5:18  Pylon  
  66  5:19  Sentry x2  
  66  5:20  Probe x2  
  70  5:32  Probe x2  
  70  5:40  Phoenix  
  72  5:44  Probe x2  
  72  5:45  Assimilator x2  
  72  5:46  Sentry  
  72  5:47  Adept  
  78  5:52  Forge  
  78  5:56  Probe x3, Twilight Council  
  81  6:05  Immortal  
  81  6:08  Probe x3  
  84  6:19  Immortal  
  84  6:20  Probe x2  
  84  6:25  Probe  
  84  6:32  Probe x2  
  90  6:33  Charge  
  90  6:38  Probe  
  90  6:39  Sentry x2  
  96  6:43  Gateway  
  96  6:46  Probe  
  97  6:48  Protoss Ground Weapons Level 1  
  97  6:53  Probe, Immortal  
  102  7:03  Probe x3  
  102  7:05  Immortal  
  109  7:10  Pylon x2  
  109  7:20  Templar Archives  
  109  7:22  Gateway  
  109  7:28  Probe x2, Pylon x2  
  111  7:40  Immortal  
  111  7:43  Psionic Storm  
  108  7:45  Probe  
  108  7:47  Immortal  
  113  7:54  Gateway x2  
  113  7:55  Probe  
  113  7:56  Pylon x2  
  118  8:00  High Templar x2  
  122  8:06  High Templar  
  124  8:14  Observer  
  124  8:22  Warp Prism  
  126  8:31  High Templar  
  126  8:34  Stalker x2  
  132  8:35  Immortal  
  135  8:45  High Templar  
  137  8:51  Gateway x3  
  137  8:53  Shield Battery  
  137  8:54  Photon Cannon x2  
  137  8:55  Pylon x3  
  137  9:04  Immortal  
  137  9:07  High Templar x2  
  145  9:14  Immortal  
  147  9:28  Zealot x4  
  152  9:44  Immortal  
  144  9:58  Zealot x7  
  158  10:03  Immortal  
  162  10:09  Pylon x2  
  162  10:18  Zealot x5  
  162  10:21  Immortal  
  162  10:30  Zealot x3  
  158  10:37  High Templar x6  
  158  10:40  Zealot x3  
  174  10:44  Archon x3  
  174  10:45  Warp Prism  
  174  10:54  Stargate  
  170  11:01  Fleet Beacon  
  164  11:17  Immortal  
  150  11:22  Immortal  
  134  11:32  Zealot x9  
  160  11:53  High Templar x6  
  162  11:59  Archon  
  164  12:04  Zealot x3  
  160  12:10  Archon  
  160  12:13  Immortal x2  
  162  12:28  Zealot x6  
  158  12:42  Archon, Zealot x3  
  148  12:50  Zealot x6  
Spawning Tool Build Advisor. Get it on Overwolf

Go to:

Details

  • Created by: OHSHEE
  • Published on: May 20, 2019
  • Modified on: May 20, 2019
  • Patch: 4.7.1
Show
View Real Time Build Order
Export as new Build Order

Comments (0)

There are no comments. Be the first!

Create an account to comment!